 Dungeon Crawl Stone Soup version 0.21-a0-356-g45b0a09 (webtiles) character file.

791 Hasart the Slasher (level 7, -4/52 HPs)
             Began as a Demonspawn Fighter on Oct 12, 2017.
             Slain by an ice beast (10 damage)
             ... on level 5 of the Dungeon.
             The game lasted 00:06:43 (4455 turns).

Hasart the Slasher (Demonspawn Fighter)             Turns: 4455, Time: 00:06:44

Health: -4/52      AC: 13    Str: 18    XL:     7   Next: 57%
Magic:  7/7        EV:  2    Int: 10    God:
Gold:   98         SH:  8    Dex: 12    Spells: 6/6 levels left

rFire    + . .     SeeInvis .   a - +0 long sword
rCold    . . .     Gourm    .   c - +0 shield
rNeg     . . .     Faith    .   x - +0 plate armour
rPois    .         Spirit   .   s - +0 helmet (curse)
rElec    .         Reflect  .   (no cloak)
rCorr    .         Harm     .   (no gloves)
MR       .....                  z - +0 pair of boots (curse)
Stlth    ..........             (no amulet)
HPRegen  0.17/turn              (no ring)
MPRegen  0.10/turn              (no ring)

@: no status effects
A: fire resistance 1, powered by death 2
a: no special abilities


You were on level 5 of the Dungeon.
You were not hungry.

You visited 1 branch of the dungeon, and saw 5 of its levels.

You collected 266 gold pieces.
You spent 168 gold pieces at shops.

Inventory:

Hand Weapons
 a - a +0 long sword (weapon)
Missiles
 F - 3 javelins (quivered)
Armour
 c - a +0 shield (worn)
 s - a cursed +0 helmet (worn)
 x - a +0 plate armour (worn)
 z - a cursed +0 pair of boots (worn)
Jewellery
 A - a +2 ring of strength {unknown}
Wands
 C - a wand of iceblast (10/15)
Scrolls
 g - a scroll of noise {unknown}
 i - 2 scrolls of teleportation {unknown}
 k - a scroll of magic mapping {unknown}
 l - 7 scrolls of immolation {unknown}
 m - a scroll of random uselessness {unknown}
 o - a scroll of fear {unknown}
 t - a scroll of amnesia {unknown}
 v - 2 scrolls of identify {unknown}
 w - 2 scrolls of enchant weapon {unknown}
 y - 3 scrolls of recharging {unknown}
 E - 2 scrolls of vulnerability {unknown}
 G - a scroll of remove curse {unknown}
Potions
 d - a potion of might
 e - 2 potions of heal wounds
 j - 2 potions of lignification {unknown}
 n - 3 potions of curing {unknown}
 u - a potion of magic {unknown}
 B - a potion of ambrosia {unknown}
Books
 h - a book of Minor Magic

   Spells                             Type                      Level
   a - Magic Dart                     Conjuration                  1
   b - Blink                          Translocation                2
   c - Call Imp                       Summoning                    2
   d - Slow                           Hexes                        2
   e - Conjure Flame                  Conjuration/Fire             3
   f - Mephitic Cloud                 Conjuration/Poison/Air       3
 q - a book of Minor Magic

   Spells                             Type                      Level
   a - Magic Dart                     Conjuration                  1
   b - Blink                          Translocation                2
   c - Call Imp                       Summoning                    2
   d - Slow                           Hexes                        2
   e - Conjure Flame                  Conjuration/Fire             3
   f - Mephitic Cloud                 Conjuration/Poison/Air       3
Comestibles
 b - 4 fruits
 f - 3 bread rations
 p - a meat ration
 r - 3 royal jellies
 D - 6 chunks of flesh


   Skills:
 + Level 3.0 Fighting
 * Level 7.9 Long Blades
 + Level 0.0 Throwing
 + Level 2.7 Armour
 + Level 2.7 Shields
 + Level 0.1 Evocations


You had 6 spell levels left.
You didn't know any spells.

Dungeon Overview and Level Annotations

Branches:
Dungeon (5/15)
 Temple: D:4-7

Altars:
Cheibriados
Nemelex Xobeh

Shops:
D:5 }


Innate Abilities, Weirdness & Mutations

Your flesh is heat resistant. (rF+)
You regenerate health from kills.


Message History

Unknown command.
You hit the ice beast but do no damage.
The ice beast is heavily wounded.
The ice beast hits you but does no damage.
The crimson imp blinks!
Unknown command.
You hit the ice beast but do no damage.
The ice beast is heavily wounded.
The ice beast hits you but does no damage.
Unknown command.
You completely miss the ice beast.
The ice beast is heavily wounded.
The ice beast hits you. The ice beast freezes you!
* * * LOW HITPOINT WARNING * * *
The crimson imp blinks!
Unknown command.
The ice beast hits you.
* * * LOW HITPOINT WARNING * * *
The ice beast freezes you!
You die...

#.# ... ########.# ...
.........# #.#
########.# #5# # #.#
### ##.# # #.#
#.#####..### # #.#
#..........# # #.#
#.####Y..### # #.#
#.##.@.....# # #.#
#.##.#....## #.#
#.##.#....# #.#
#.##.#....#
#.###.##.#....#
########.#...#......##
........>##.#####..<#
.####.......# #### .
#.#######


You could see an ice beast and a crimson imp.

Vanquished Creatures
  Grinder (D:4)
  An ogre (D:4)
  2 bullfrogs (D:4)
  A howler monkey (D:4)
  A crimson imp (D:5)
  A hound (D:4)
  A bullfrog skeleton (D:4)
  Jessica (D:2)
  3 worker ants
  5 adders
  An ooze (D:1)
  An adder skeleton (D:4)
  2 worms (D:2)
  2 dart slugs
  4 leopard geckos
  12 orcs
  5 giant cockroaches
  4 goblins
  5 hobgoblins
  2 jackals (D:4)
  A quokka (D:4)
  A ball python (D:3)
  5 bats
  A frilled lizard (D:1)
  A giant cockroach zombie (D:5)
  8 kobolds
  8 rats
  A fungus (D:2)
81 creatures vanquished.

Notes
Turn   | Place    | Note
-------+----------+-------------------------------------------
     0 | D:1      | Hasart the Demonspawn Fighter began the quest for the Orb.
     0 | D:1      | Reached XP level 1. HP: 18/18 MP: 1/1
    57 | D:1      | Reached skill level 2 in Long Blades
   146 | D:1      | Gained mutation: You regenerate a little health from kills. [demonic ancestry]
   146 | D:1      | Reached XP level 2. HP: 20/24 MP: 2/2
   483 | D:1      | Reached skill level 3 in Long Blades
   715 | D:2      | Reached XP level 3. HP: 18/29 MP: 3/3
  1527 | D:2      | Noticed Jessica
  1531 | D:2      | Killed Jessica
  1531 | D:2      | Reached skill level 4 in Long Blades
  1531 | D:2      | Reached XP level 4. HP: 26/35 MP: 4/4
  2060 | D:3      | Found a sparkling altar of Nemelex Xobeh.
  2890 | D:4      | Found a snail-covered altar of Cheibriados.
  2902 | D:4      | Noticed a bullfrog
  2917 | D:4      | Killed a bullfrog
  2917 | D:4      | Reached skill level 5 in Long Blades
  2917 | D:4      | Reached XP level 5. HP: 26/41 MP: 5/5
  3113 | D:4      | Noticed an ogre
  3134 | D:4      | Gained mutation: You regenerate health from kills. [demonic ancestry]
  3134 | D:4      | Reached XP level 6. HP: 14/47 MP: 6/6
  3266 | D:4      | Reached skill level 6 in Long Blades
  3464 | D:4      | Noticed Grinder
  3477 | D:4      | Paralysed by Grinder for 6 turns
  3486 | D:4      | Killed Grinder
  3486 | D:4      | Reached skill level 7 in Long Blades
  3486 | D:4      | Gained mutation: Your flesh is heat resistant. (rF+) [demonic ancestry]
  3486 | D:4      | Reached XP level 7. HP: 24/52 MP: 7/7
  4178 | D:5      | Entered Level 5 of the Dungeon
  4224 | D:5      | Found Henir's Gadget Emporium.
  4236 | D:5      | Bought a wand of iceblast (10/15) for 168 gold pieces
  4455 | D:5      | Slain by an ice beast

Vault maps used:
D:1:      enne_arrival_octagon_isle
D:2:      minmay_gold_behind_fungi, lemuel_old_faithful, uniq_jessica
D:3:      marbit_many_paths
D:4:      cheibriados_altar_1, first_bread, uniq_grinder
D:5:      black_bear_nest_2, minmay_temple_entry_grid, serial_shops, shop

Skill      XL: |  1  2  3  4  5  6 |
---------------+-------------------+-----
Long Blades    | 2 3 4 5 7 |  7.9
Fighting       | |  3.0
Armour         | |  2.7
Shields        | |  2.7
Evocations     | |  0.1

Action                   |  1- 3 |  4- 6 |  7- 9 || total
-------------------------+-------+-------+-------++-------
Melee: Long sword        |   126 |   207 |    52 ||   385
  Use: Potion            |       |     3 |       ||     3
  Eat: Chunk             |     2 |     7 |     3 ||    12
Armor: Scale mail        |    54 |    36 |       ||    90
       Plate armour      |       |    84 |    35 ||   119
Dodge: Dodged            |    38 |    29 |     6 ||    73
Block: Shield            |    54 |    71 |     9 ||   134
       Rpst.: Long sword |    12 |     8 |     3 ||    23

Table legend:
 A = Spawn XP
 B = Non-spawn XP
 C = Spawn XP percentage of total XP
 D = Spawn monster count
 E = Non-spawn monster count
 F = Spawn count percentage of total count
 G = Total turns spent on level
                    A         B        C        D         E        F      G
               +---------+---------+-------+---------+---------+-------+---------
         Total |       0 |    1131 |   0.0 |       0 |      80 |   0.0 |  4455
               +---------+---------+-------+---------+---------+-------+---------
           D:1 |       0 |      33 |   0.0 |       0 |      17 |   0.0 |   696
           D:2 |       0 |     125 |   0.0 |       0 |      22 |   0.0 |  1336
           D:3 |       0 |      32 |   0.0 |       0 |      10 |   0.0 |   843
           D:4 |       0 |     847 |   0.0 |       0 |      24 |   0.0 |  1303
           D:5 |       0 |      94 |   0.0 |       0 |       7 |   0.0 |   277
               +---------+---------+-------+---------+---------+-------+---------
